 Dungeon Crawl Stone Soup version 0.26-a0-30-g56b8cd3df0 (webtiles) character file.

Game seed: 5584914230397596101, levelgen mode: deterministic

5469 wullow the Conjurer (level 10, -7/68 HPs)
             Began as an Octopode Conjurer on May 28, 2020.
             Was a Believer of Sif Muna.
             Mangled by a porcupine (9 damage)
             ... on level 9 of the Dungeon.
             The game lasted 00:43:49 (12147 turns).

wullow the Conjurer (Octopode Conjurer)            Turns: 12147, Time: 00:43:50

Health: -7/68      AC:  1    Str:  8    XL:     10   Next: 69%
Magic:  17/20      EV: 13    Int: 21    God:    Sif Muna [**....]
Gold:   382        SH:  0    Dex: 12    Spells: 15/22 levels left

rFire    . . .     SeeInvis .   C - +2 dagger (venom)
rCold    . . .     Gourm    .   (no shield)
rNeg     . . .     Faith    .   (helmet restricted)
rPois    .         Spirit   .   n - amulet of magic regeneration
rElec    .         Reflect  .   D - ring of wizardry
rCorr    .         Harm     .   E - ring of protection from magic
MR       +....                  (no ring)
Stlth    ++++......             (no ring)
HPRegen  0.21/turn              (no ring)
MPRegen  0.42/turn              (no ring)
                                (no ring)
                                (no ring)

@: no status effects
A: almost no armour, stealthy swim, amphibious, 8 rings, constrict 8, camouflage
1, gelatinous body 1
a: Channel Magic, Renounce Religion


You were on level 9 of the Dungeon.
You worshipped Sif Muna.
Sif Muna was pleased with you.
You were not hungry.

You visited 2 branches of the dungeon, and saw 11 of its levels.
You also visited: Sewer.

You collected 472 gold pieces.
You spent 90 gold pieces at shops.

Inventory:

Hand Weapons
 l - a +0 hunting sling
 s - a +0 halberd
 v - a +0 hand crossbow
 C - a +2 dagger of venom (weapon)
 S - a +0 hand crossbow
Missiles
 c - 222 stones (quivered)
 d - 49 sling bullets
 f - 147 arrows
 Q - 11 poisoned darts
Jewellery
 e - a cursed ring of teleportation {unknown}
 n - an amulet of magic regeneration (around mantle)
 D - a ring of wizardry (left tentacle)
 E - a ring of protection from magic (right tentacle)
 K - an uncursed amulet of magic regeneration
Wands
 w - a wand of acid (7)
 x - a wand of random effects (16)
 H - a wand of digging (5)
 L - a wand of flame (13)
Scrolls
 g - 5 scrolls of fear
 h - 3 scrolls of identify
 m - 2 scrolls of enchant armour {unknown}
 p - a scroll of immolation {unknown}
 q - 5 scrolls of teleportation
 r - a scroll of brand weapon {unknown}
 t - a scroll of random uselessness {unknown}
 u - 3 scrolls of remove curse
 y - a scroll of magic mapping {unknown}
 A - 2 scrolls of fog {unknown}
 G - a scroll of noise {unknown}
 J - a scroll of enchant weapon {unknown}
 M - a scroll of amnesia {unknown}
 O - a scroll of vulnerability {unknown}
Potions
 a - 2 potions of magic
 i - 3 potions of brilliance
 j - 2 potions of ambrosia
 k - a potion of lignification
 o - 7 potions of curing
 z - 4 potions of might
 B - 3 potions of haste
 F - 2 potions of heal wounds
 I - a potion of mutation
 N - 2 potions of flight
 R - 2 potions of resistance {unknown}
Comestibles
 b - 13 rations
 P - 3 chunks of flesh


   Skills:
 - Level 6.0 Fighting
 - Level 2.0 Dodging
 + Level 4.8 Stealth
 + Level 6.6 Spellcasting
 + Level 7.9 Conjurations
 + Level 7.3 Hexes
 + Level 4.4 Invocations
 + Level 5.8 Evocations


You had 15 spell levels left.
You knew the following spells:

 Your Spells              Type           Power        Failure   Level  Hunger
a - Magic Dart            Conj           ####         1%          1    None
b - Searing Ray           Conj           #####.       1%          2    None
c - Fulminant Prism       Conj/Hex       #####.....   1%          4    ###....

Your spell library contained the following spells:

 Spells                   Type           Power        Failure   Level  Hunger
 Dazzling Flash           Conj/Hex       #####.       1%          3    #......
 Iskenderun's Mystic Bla  Conj/Tloc      ###.....     8%          4    ###....


Dungeon Overview and Level Annotations

Branches:
Dungeon (10/15)            Temple (1/1) D:5           Sewer (visited)
   Lair: D:8-11         Orc: D:9-12

Altars:
Ashenzari
Cheibriados
Dithmenos
Elyvilon
Fedhas
Gozag
Hepliaklqana
Kikubaaqudgha
Makhleb
Nemelex Xobeh
Okawaru
Qazlal
Ru
Sif Muna
Trog
Uskayaw
Vehumet
Wu Jian
Xom
Yredelemnul
Zin
The Shining One

Shops:
D:5 }   D:7 ?   D:9 }

Annotations:
D:3 Robin


Innate Abilities, Weirdness & Mutations

You cannot wear most types of armour.
You are very stealthy in the water. (Stealth+)
You are amphibious.
You can wear up to eight rings at the same time.
You can use your tentacles to constrict eight enemies at once.
Your skin changes colour to match your surroundings (Stealth+).
Your rubbery body absorbs attacks. (AC +1, EV +1)


Message History

Your fulminant prism explodes!
The blast of energy engulfs the porcupine!
The porcupine is almost dead.
The blast of energy engulfs the porcupine!
The porcupine is almost dead.
The blast of energy engulfs the porcupine!
The porcupine is severely wounded.
You hear a shout!
You hear an angry hiss.
You hear a shout! x2
The porcupine bites you. The porcupine closely misses you.
The porcupine bites you!
* * * LOW HITPOINT WARNING * * *
The porcupine misses you.
You climb upwards.
There is a stone staircase leading down, spattered with blood here.
Unknown command.
The porcupine completely misses you. The porcupine bites you!
* * * LOW HITPOINT WARNING * * *
The porcupine misses you. The porcupine closely misses you.
The porcupine bites you!
You die...

#....# #......# #....# #......#
########....##### #......#######
................####.............
.................................
.................................
..........######....######..#####
..........#....#....#....#..#
#######...#...)#@..##....#..#
......#...#....#rr.#.....#..#
......#...+....#r..#.....#..#
......#...#....'[........'..#
......#...#..............#..#
....###...#......._......#..#
....#.....#....#.....#####..#
###.#.....######............#
..'.#.......................#


You could see 3 porcupines.

Vanquished Creatures
  Erolcha (D:9)
  A two-headed ogre (D:7)
  A centaur skeleton (D:9)
  A hippogriff (D:9)
  Grinder (D:4)
  Sigmund (D:2)
  A water moccasin (D:9)
  2 sky beasts
  2 ice beasts
  3 centaurs
  6 ogres
  2 big kobolds
  2 bullfrogs
  A gnoll sergeant (D:8)
  A scorpion (D:6)
  2 howler monkeys (D:4)
  5 killer bees (D:9)
  5 crimson imps
  A bullfrog zombie (D:4)
  5 hounds
  A jelly (D:9)
  An orc priest (D:9)
  3 bullfrog skeletons
  3 iron imps (D:8)
  Natasha (thrice) (D:3)
  4 iguanas
  4 orc wizards
  Terence (D:3)
  3 worker ants
  A hound skeleton (D:4)
  2 hound zombies
  A howler monkey skeleton (D:8)
  11 gnolls
  11 adders
  3 river rats (Sewer)
  A shadow imp (D:7)
  A white imp (D:4)
  4 oozes
  2 adder skeletons
  4 worms
  4 dart slugs
  3 leopard geckos
  29 orcs
  2 bats
  A giant cockroach (D:1)
  17 goblins
  9 hobgoblins
  5 jackals (D:2)
  23 kobolds
  4 quokkas
  5 ball pythons
  10 frilled lizards
  A giant cockroach zombie (D:5)
  A goblin skeleton (D:4)
  4 hobgoblin zombies (D:4)
  A jackal skeleton (D:7)
  3 kobold zombies (D:4)
  A leopard gecko skeleton (D:4)
  A leopard gecko zombie (D:5)
  An orc skeleton (D:4)
  16 rats
  A fulminant prism (D:9)
250 creatures vanquished.

Vanquished Creatures (others)
  34 fulminant prisms
34 creatures vanquished.

Grand Total: 284 creatures vanquished

Notes
Turn   | Place    | Note
-------+----------+-------------------------------------------
     0 | D:1      | wullow the Octopode Conjurer began the quest for the Orb.
     0 | D:1      | Reached XP level 1. HP: 11/11 MP: 3/3
   264 | D:1      | Reached skill level 1 in Fighting
   264 | D:1      | Reached XP level 2. HP: 18/18 MP: 1/5
   311 | D:1      | Learned a level 2 spell: Searing Ray
   609 | D:1      | Reached XP level 3. HP: 24/24 MP: 1/6
  1424 | D:2      | Reached XP level 4. HP: 30/30 MP: 2/7
  1604 | D:2      | Noticed Sigmund
  2724 | D:3      | Learned a level 4 spell: Fulminant Prism
  2784 | D:3      | Noticed Terence
  2802 | D:3      | Killed Terence
  2802 | D:3      | Reached XP level 5. HP: 21/36 MP: 0/9
  3150 | D:3      | Noticed Robin
  3174 | D:3      | Noticed Natasha
  3179 | D:3      | Killed Natasha
  3179 | D:3      | Reached skill level 1 in Hexes
  3648 | D:3      | Noticed Natasha
  3657 | D:3      | Killed Natasha
  4097 | D:3      | Reached XP level 6. HP: 42/42 MP: 8/10
  4166 | D:3      | Noticed Natasha
  4196 | D:3      | Killed Natasha
  4353 | D:4      | Reached skill level 1 in Evocations
  4520 | D:4      | Found a glowing drain.
  4547 | Sewer    | Entered a sewer
  5408 | D:4      | Reached skill level 5 in Conjurations
  5408 | D:4      | Reached XP level 7. HP: 17/48 MP: 7/12
  6017 | D:4      | Found a sparkling altar of Nemelex Xobeh.
  6056 | D:4      | Noticed Grinder
  6056 | D:4      | Paralysed by Grinder for 3 turns
  6062 | D:4      | Paralysed by Grinder for 3 turns
  6067 | D:4      | Killed Grinder
  6208 | D:4      | Found a white marble altar of Elyvilon.
  6464 | D:4      | Found a glowing golden altar of the Shining One.
  6615 | D:2      | Killed Sigmund
  6615 | D:2      | Reached XP level 8. HP: 54/54 MP: 4/14
  6714 | D:5      | Entered Level 5 of the Dungeon
  6847 | D:5      | Reached skill level 5 in Hexes
  7017 | D:5      | Found a staircase to the Ecumenical Temple.
  7033 | Temple   | Entered the Ecumenical Temple
  7252 | Temple   | Became a worshipper of Sif Muna the Loreminder
  7310 | D:5      | Found Gixt's Gadget Shoppe.
  7499 | D:5      | Found a sacrificial altar of Ru.
  8034 | D:6      | Reached skill level 5 in Spellcasting
  8080 | D:6      | Reached XP level 9. HP: 22/59 MP: 12/16
  8401 | D:6      | Reached * piety under Sif Muna
  8489 | D:6      | Found a radiant altar of Vehumet.
  8489 | D:6      | Found an ancient bone altar of Kikubaaqudgha.
  8546 | D:6      | Found an ornate altar of the Wu Jian Council.
  8546 | D:6      | Found a shattered altar of Ashenzari.
  8656 | D:6      | Found an opulent altar of Gozag.
  9088 | D:7      | Reached skill level 5 in Fighting
  9138 | D:7      | Noticed a two-headed ogre
  9157 | D:7      | Killed a two-headed ogre
  9202 | D:7      | Found a hazy altar of Hepliaklqana.
  9237 | D:7      | Found Savvexin's Magic Scroll Shoppe.
  9247 | D:7      | Reached skill level 5 in Evocations
  9383 | D:7      | Bought a scroll of remove curse for 45 gold pieces
  9383 | D:7      | Bought a scroll of teleportation for 45 gold pieces
 10542 | D:8      | Found a burning altar of Makhleb.
 10557 | D:8      | Reached XP level 10. HP: 68/68 MP: 13/19
 10745 | D:9      | Reached ** piety under Sif Muna
 10821 | D:9      | Found an ancient bone altar of Kikubaaqudgha.
 11608 | D:9      | Found Zymimo's Gadget Boutique.
 11945 | D:10     | Entered Level 10 of the Dungeon
 11945 | D:10     | Noticed Erolcha
 11957 | D:9      | Killed Erolcha
 12146 | D:9      | HP: 2/68 [porcupine (11)]
 12147 | D:9      | Mangled by a porcupine

Illustrated notes

Levels and vault maps discovered:
D:1:      dpeg_arrival_pits, layout_loops_ring, minmay_stone_trees_small
D:2:      layout_basic, minivault_5, uniq_sigmund
D:3:      layout_loops_ring, serial_co_window_serial, co_window_corner_a,
          co_window_of_opportunity_a, co_window_paths_b, co_window_paths_b,
          co_window_paths_a, co_window_cross_2, co_window_paths_c,
          co_window_corner_b, uniq_terence, uniq_robin, uniq_natasha
D:4:      lemuel_upstairs_altar, layout_cave_pools,
          nicolae_tso_besieged_by_evil, elyvilon_altar_5, portal_sewer_entry_a,
          nemelex_xobeh_ov_fountains_minmay, uniq_grinder
D:5:      layout_cave_pools, minmay_temple_entry_ruins, serial_shops, shop,
          first_ration, nicolae_ru_the_path_less_chosen
D:6:      layout_rooms, kennysheep_mini, grunt_temple_overflow_cloverleaf
D:7:      layout_rooms, kennysheep_mini_moat, serial_shops,
          nicolae_shop_temple_entry_statues_fountains, minivault_19
D:8:      layout_basic, demons_altar
D:9:      layout_irregular_city, serial_shops, shop, basic_altar
D:10:     layout_loops_cross, due_lair_maze_entry_diamond, enter_bailey_6,
          uniq_sonja, uniq_fannar, uniq_erolcha
Temple:   oiseaux_autumnal_temple

Skill      XL: |  1  2  3  4  5  6  7  8  9 10 |
---------------+-------------------------------+-----
Fighting       | 1 2 3 4 5 6 |  6.0
Spellcasting   | 3 4 5 6 |  6.6
Hexes          | 1 2 4 6 7 |  7.3
Evocations     | 1 3 5 |  5.8
Conjurations   | 5 6 7 |  7.9
Invocations    | 2 4 |  4.4
Stealth        | 4 |  4.8
Dodging        | |  2.0

Action                   |  1- 3 |  4- 6 |  7- 9 | 10-12 || total
-------------------------+-------+-------+-------+-------++-------
Melee: Dagger            |    15 |    17 |    80 |    41 ||   153
       Constrict         |     4 |     2 |    21 |    10 ||    37
       Tentacles         |     3 |     4 |    16 |    11 ||    34
 Cast: Magic Dart        |    63 |   136 |   230 |    56 ||   485
       Searing Ray       |       |    17 |    11 |     7 ||    35
       Fulminant Prism   |       |       |    21 |    15 ||    36
  Use: Scroll            |       |       |    12 |       ||    12
 Stab: Distracted        |       |       |     1 |       ||     1
       Sleeping          |       |       |     1 |       ||     1
  Eat: Chunk             |     2 |    13 |    19 |     7 ||    41
Armor: Skin              |     3 |     3 |     4 |       ||    10
Dodge: Dodged            |     9 |    32 |    73 |    40 ||   154

Table legend:
 A = Non-vault XP
 B = Vault XP
 C = Vault XP percentage of total XP
 D = Non-vault monster count
 E = Vault monster count
 F = Vault count percentage of total count
                 A         B        C        D         E       F
            +---------+---------+-------+---------+---------+-------
      Total |    5990 |    1823 |  23.3 |     198 |      51 |  20.5
            +---------+---------+-------+---------+---------+-------
        D:1 |      40 |       0 |   0.0 |      20 |       0 |   0.0
        D:2 |     105 |     227 |  68.4 |      26 |       1 |   3.7
        D:3 |     141 |      78 |  35.6 |      26 |       8 |  23.5
        D:4 |     381 |     281 |  42.4 |      16 |      15 |  48.4
        D:5 |     441 |       0 |   0.0 |      17 |       0 |   0.0
        D:6 |     882 |       0 |   0.0 |      22 |       0 |   0.0
        D:7 |    1344 |       0 |   0.0 |      11 |       0 |   0.0
        D:8 |     560 |     118 |  17.4 |      22 |       3 |  12.0
        D:9 |    2096 |     999 |  32.3 |      38 |       1 |   2.6
      Sewer |       0 |     120 | 100.0 |       0 |      23 | 100.0
            +---------+---------+-------+---------+---------+-------
